 Dungeon Crawl Stone Soup version 0.28-a0-932-g843f935a50 (webtiles) character file.

Game seed: 8386527203483314206

5985 Peloso the Carver (level 10, -8/91 HPs)
             Began as a Minotaur Fighter on Nov 27, 2021.
             Was a Priest of Okawaru.
             Mangled by a cyan ugly thing (13 damage)
             ... on level 10 of the Dungeon.
             The game lasted 00:16:20 (9498 turns).

Peloso the Carver (Minotaur Fighter)                Turns: 9498, Time: 00:16:21

Health: -8/91      AC: 13    Str: 22    XL:     10   Next: 55%
Magic:  9/9        EV:  8    Int:  5    God:    Okawaru [***...]
Gold:   527        SH: 10    Dex: 12    Spells: 9/9 levels left

rFire   . . .      SeeInvis .   a - +1 scimitar (drain)
rCold   . . .      Faith    .   c - +0 kite shield
rNeg    . . .      Spirit   .   t - +0 chain mail
rPois   .          Reflect  .   (helmet restricted)
rElec   .          Harm     .   (no cloak)
rCorr   .          Rampage  .   i - +0 pair of gloves
Will    .....                   (no boots)
Stlth   ..........              (no amulet)
HPRegen 0.25/turn               (no ring)
MPRegen 0.11/turn               (no ring)

@: no status effects
A: horns 2, retaliatory headbutt
a: Renounce Religion, Heroism


You were on level 10 of the Dungeon.
You worshipped Okawaru.
Okawaru was most pleased with you.
You visited 2 branches of the dungeon, and saw 11 of its levels.
You also visited: Bailey.

You collected 527 gold pieces.

Inventory:

Hand Weapons
 a - a +1 scimitar of draining (weapon)
Armour
 b - a +0 scale mail
 c - a +0 kite shield (worn)
 i - a +0 pair of gloves (worn)
 t - a +0 chain mail (worn)
Jewellery
 k - a +4 ring of evasion
Wands
 s - a wand of paralysis (4)
 u - a wand of flame (8)
 y - a wand of polymorph (13)
 E - a wand of acid (5)
Scrolls
 e - 2 scrolls of enchant armour {unknown}
 f - a scroll of brand weapon {unknown}
 g - 8 scrolls of teleportation
 m - 3 scrolls of magic mapping {unknown}
 n - 2 scrolls of immolation {unknown}
 o - a scroll of fear {unknown}
 q - 2 scrolls of amnesia {unknown}
 r - 2 scrolls of blinking {unknown}
 w - 3 scrolls of identify {unknown}
 x - 2 scrolls of fog {unknown}
 D - a scroll of silence {unknown}
 G - 2 scrolls of acquirement
Potions
 d - 2 potions of might
 h - 2 potions of brilliance {unknown}
 j - 3 potions of curing {unknown}
 l - 3 potions of cancellation {unknown}
 p - 2 potions of lignification {unknown}
 v - 3 potions of degeneration {unknown}
 z - 3 potions of invisibility
 A - 7 potions of heal wounds {unknown}
 B - 2 potions of flight {unknown}
 C - 2 potions of haste {unknown}
 F - 2 potions of mutation {unknown}
 H - 3 potions of experience {unknown}
 I - a potion of magic {unknown}


   Skills:
 + Level 9.1 Fighting
 + Level 12.2 Long Blades
 + Level 10.0 Armour
 + Level 3.8 Dodging
 + Level 1.5 Stealth
 + Level 7.0 Shields
 + Level 1.0 Unarmed Combat
 + Level 0.1 Invocations


You had 9 spell levels left.
You didn't know any spells.
Your spell library contained the following spells:

 Spells                   Type           Power      Damage    Failure   Level
 Shock                    Conj/Air       0%         1d3       100%        1
 Ignite Poison            Fire/Tmut/Pois 0%         N/A       100%        3
 Mephitic Cloud           Conj/Pois/Air  0%         N/A       100%        3
 Swiftness                Air            0%         N/A       100%        3
 Airstrike                Air            0%         N/A       100%        4
 Agony                    Necr           0%         N/A       100%        5
 Freezing Cloud           Conj/Ice/Air   0%         6-21      100%        5
 Polar Vortex             Ice            0%         N/A       100%        9
 Simulacrum               Ice/Necr       Unusable   N/A       N/A         6
 Malign Gateway           Summ/Tloc      Unusable   N/A       N/A         7
 Summon Horrible Things   Summ           Unusable   N/A       N/A         8

Dungeon Overview and Level Annotations

Branches:
Dungeon (10/15)            Temple (1/1) D:6            Lair (0/6) D:9
 Bailey (visited)
    Orc: D:9-12

Altars:
Ashenzari
Cheibriados
Dithmenos
Elyvilon
Fedhas
Gozag
Hepliaklqana
Makhleb
Nemelex Xobeh
Okawaru
Ru
Sif Muna
Wu Jian
Yredelemnul
Zin

Shops:
D:3 :   D:7 :

Annotations:
D:4 1 runed translucent door, anet's ghost, novice HOCj


Innate Abilities, Weirdness & Mutations

You have a pair of horns on your head.
You reflexively headbutt those who attack you in melee.


Message History

You block the killer bee's attack. The killer bee closely misses you.
You block the killer bee's attack. You block the killer bee's attack.
The centaur unwields a +0 shortbow of flaming.
It stops flaming.
You block the centaur's attack. x2
You block the killer bee's attack.
The centaur wields a +0 shortbow of flaming.
It bursts into flame!
The centaur shoots an arrow.
The arrow hits you. The arrow burns you.
The centaur shoots an arrow.
The arrow completely misses you.
The killer bee stings you but does no damage.
The centaur shoots an arrow.
You block the arrow. The killer bee barely misses you. You furiously retaliate!
You headbutt the killer bee!
You kill the killer bee!
Okawaru accepts your kill.
Your Shields skill increases to level 7!
Items here: ( )) ††.
There is a stone staircase leading down, spattered with blood here.
The cyan ugly thing trunk-slaps you. The cyan ugly thing shocks you!
You climb downwards.
There is a stone staircase leading up, spattered with blood here.
Your shield prevents you from hitting the cyan ugly thing.
Your headbutt misses the cyan ugly thing.
The cyan ugly thing trunk-slaps you. The cyan ugly thing shocks you!
Unknown command.
You hit the cyan ugly thing.
The cyan ugly thing is lightly wounded.
The cyan ugly thing trunk-slaps you!
* * * LOW HITPOINT WARNING * * *
The cyan ugly thing shocks you!
* * * LOW HITPOINT WARNING * * *
You slice the cyan ugly thing!!
You headbutt the cyan ugly thing, but do no damage.
The cyan ugly thing is moderately wounded.
The cyan ugly thing trunk-slaps you.
* * * LOW HITPOINT WARNING * * *
The cyan ugly thing shocks you!
You die...

#################
.......@.........
..#....u).....#..
.................
#####..$#########
#.#.# #...# #...#
#.#.# #[..


You could see a cyan ugly thing.

Vanquished Creatures
  A two-headed ogre (D:10)
  An orc knight (Bailey)
  A troll (D:9)
  Prince Ribbit (D:6)
  A yak (D:9)
  A wyvern (D:9)
  A steam dragon (D:7)
  Menkaure (D:6)
  A water moccasin (D:6)
  An orc warrior (D:6)
  3 ice beasts
  A sky beast (D:7)
  A black bear (D:3)
  A necrophage (D:5)
  3 ogres
  8 centaurs
  3 kobold brigands
  3 bullfrogs
  2 scorpions
  A killer bee (D:9)
  5 howler monkeys (D:7)
  3 wights (D:7)
  A gnoll shaman (D:8)
  2 hounds
  A jelly (D:5)
  5 centaur zombies
  4 orc priests
  3 centaur skeletons
  3 bullfrog skeletons
  4 iguanas
  Jessica (D:3)
  Ijyb (D:3)
  Terence (D:3)
  Natasha (thrice) (D:4)
  8 orc wizards
  4 killer bee zombies
  2 howler monkey zombies
  Robin (D:3)
  18 gnolls
  An adder (D:6)
  A shadow imp (D:7)
  An adder zombie (D:5)
  3 dart slugs
  4 worms (D:2)
  28 orcs
  7 endoplasms
  4 giant cockroaches
  17 goblins
  16 hobgoblins
  5 jackals (D:2)
  34 kobolds
  4 quokkas
  5 ball pythons
  5 bats
  2 frilled lizards
  5 rats
248 creatures vanquished.

Notes
Turn   | Place    | Note
-------+----------+-------------------------------------------
     0 | D:1      | Peloso the Minotaur Fighter began the quest for the Orb.
     0 | D:1      | Reached XP level 1. HP: 19/19 MP: 0/0
   137 | D:1      | Reached XP level 2. HP: 27/27 MP: 1/1
   506 | D:1      | Reached XP level 3. HP: 33/33 MP: 2/2
   995 | D:2      | Found a basalt altar of Yredelemnul.
  1194 | D:2      | Reached skill level 3 in Long Blades
  1334 | D:2      | Reached XP level 4. HP: 41/41 MP: 3/3
  1526 | D:3      | Noticed a black bear
  1529 | D:3      | Noticed Terence
  1542 | D:3      | Killed Terence
  1621 | D:3      | Killed a black bear
  1622 | D:3      | Reached skill level 4 in Long Blades
  1622 | D:3      | Reached skill level 1 in Dodging
  1622 | D:3      | Reached XP level 5. HP: 37/47 MP: 4/4
  1622 | D:3      | Found a faded altar of an unknown god.
  1657 | D:3      | Noticed Robin
  1666 | D:3      | Killed Robin
  1875 | D:3      | Noticed Ijyb
  1877 | D:3      | Paralysed by Ijyb for 3 turns
  1886 | D:3      | Killed Ijyb
  1887 | D:3      | Reached skill level 5 in Long Blades
  1887 | D:3      | Reached skill level 5 in Armour
  1969 | D:3      | Reached XP level 6. HP: 51/53 MP: 5/5
  2001 | D:3      | Noticed Jessica
  2022 | D:3      | Killed Jessica
  2309 | D:3      | Found Dero Das's Book Shop.
  2712 | D:4      | Noticed Natasha
  2724 | D:4      | Killed Natasha
  2758 | D:4      | Noticed Natasha
  2765 | D:4      | Killed Natasha
  2776 | D:4      | Reached skill level 6 in Long Blades
  2776 | D:4      | Reached XP level 7. HP: 35/60 MP: 6/6
  2783 | D:4      | Noticed Natasha
  2798 | D:4      | Killed Natasha
  3084 | D:4      | Found a runed translucent door.
  3092 | D:4      | Reached skill level 5 in Fighting
  3108 | D:4      | Noticed anet's ghost (novice HOCj)
  3138 | D:5      | Entered Level 5 of the Dungeon
  3174 | D:5      | Reached skill level 5 in Shields
  3462 | D:5      | Reached skill level 7 in Long Blades
  3601 | D:5      | Reached XP level 8. HP: 69/69 MP: 7/7
  3805 | D:5      | Found a sparkling altar of Nemelex Xobeh.
  3969 | D:6      | Noticed Menkaure
  3975 | D:6      | Killed Menkaure
  3976 | D:6      | Reached skill level 1 in Unarmed Combat
  4055 | D:6      | Reached skill level 8 in Long Blades
  4280 | D:6      | Noticed Prince Ribbit
  4301 | D:6      | Killed Prince Ribbit
  4424 | D:6      | Reached skill level 9 in Long Blades
  4797 | D:6      | Reached XP level 9. HP: 67/77 MP: 8/8
  4860 | D:6      | Found a staircase to the Ecumenical Temple.
  4870 | Temple   | Entered the Ecumenical Temple
  4945 | Temple   | Became a worshipper of Warmaster Okawaru
  5130 | D:6      | Found a hazy altar of Hepliaklqana.
  5205 | D:6      | Found a glowing silver altar of Zin.
  5802 | D:7      | Found Leut's Self-Improvement Boutique.
  5831 | D:7      | Reached * piety under Okawaru
  5832 | D:7      | Reached skill level 10 in Long Blades
  6797 | D:7      | Found a snail-covered altar of Cheibriados.
  7192 | D:8      | Reached skill level 11 in Long Blades
  7292 | D:8      | Found a white marble altar of Elyvilon.
  7754 | D:8      | Reached ** piety under Okawaru
  8115 | D:9      | Reached XP level 10. HP: 65/88 MP: 9/9
  8120 | D:9      | Found a staircase to the Lair.
  8174 | D:9      | Found a flagged portal.
  8198 | Bailey   | Entered a bailey
  8451 | Bailey   | Noticed an orc knight
  8484 | Bailey   | Killed an orc knight
  8910 | D:9      | Noticed a two-headed ogre
  8920 | D:10     | Entered Level 10 of the Dungeon
  9085 | D:10     | Killed a two-headed ogre
  9086 | D:10     | Reached skill level 10 in Armour
  9086 | D:10     | Reached skill level 1 in Stealth
  9289 | D:9      | Reached *** piety under Okawaru
  9348 | D:9      | Reached skill level 12 in Long Blades
  9465 | D:9      | Got the Guide on Snow and Darkness
  9466 | D:9      | Noticed a cyan ugly thing
  9498 | D:10     | Mangled by a cyan ugly thing

Illustrated notes

Levels and vault maps discovered:
D:1:      amcnicky_arrival_blooded_trapdoor, layout_loops_cross, hex_large
D:2:      layout_basic, basic_altar
D:3:      layout_loops_ring, serial_shops, nicolae_shop_crystal,
          shapermc_ecumenical_altar_starsandcircs, st_stairs_5, uniq_jessica,
          uniq_ijyb, uniq_robin, uniq_terence
D:4:      layout_rooms, ebering_ghost_reflecting_pool, uniq_natasha
D:5:      layout_basic, kennysheep_little_box
D:6:      layout_loops_ring, mainiacjoe_overflow_two_lobes,
          minmay_temple_entry_water_ring, uniq_menkaure, uniq_prince_ribbit1
D:7:      nicolae_whirlpool, layout_cave_pools,
          mainiacjoe_overflow_concentric_impassable, nicolae_shop_self_help
D:8:      layout_cave_pods, elyvilon_altar_3, serial_column_ruins,
          column_ruins_hut, column_ruins_open_small,
          column_ruins_columns_straight, column_ruins_columns_straight,
          column_ruins_corridor_T
D:9:      hangedman_cross_cluster, layout_cave_pools, kiku_gazebo_pond_becter,
          nicolae_overflow_squiral, enter_bailey_4, hangedman_minor_gate_pass
D:10:     layout_stronghold, marbit_many_paths
Temple:   oiseaux_autumnal_temple

Skill      XL: |  1  2  3  4  5  6  7  8  9 10 |
---------------+-------------------------------+-----
Armour         | 4 5 6 8 9 10 | 10.0
Fighting       | 4 5 6 8 9 |  9.1
Shields        | 4 5 6 7 |  7.0
Long Blades    | 3 4 5 6 7 9 11 12 | 12.2
Dodging        | 1 2 3 |  3.8
Unarmed Combat | 1 |  1.0
Stealth        | 1 |  1.5
Invocations    | |  0.1

Action                   |  1- 3 |  4- 6 |  7- 9 | 10-12 || total
-------------------------+-------+-------+-------+-------++-------
Melee: Long sword        |    88 |   122 |   152 |       ||   362
       Headbutt          |    10 |    21 |    67 |    15 ||   113
       Unarmed           |       |       |    10 |       ||    10
       Scimitar          |       |       |   161 |    94 ||   255
Invok: Heroism           |       |       |       |     1 ||     1
  Use: Scroll            |       |     1 |       |       ||     1
       Potion            |       |       |       |     2 ||     2
 Stab: Invisible         |       |       |       |     1 ||     1
Armor: Scale mail        |    44 |    33 |       |       ||    77
       Chain mail        |       |    42 |   186 |    49 ||   277
Dodge: Dodged            |    38 |    45 |   140 |    59 ||   282
Block: Buckler           |    22 |    34 |    78 |       ||   134
       Kite shield       |       |       |    26 |    74 ||   100

Table legend: (Time is in decaauts)
 A = Elapsed time spent in this place.
 B = Non-inter-level travel time spent in this place.
 C = Inter-level travel time spent in this place.
 D = Time resting spent in this place.
 E = Time spent auto-exploring this place.
 F = Levels seen in this place.
 G = Mean time per level.
                   A        B        C        D        E       F      G
               +--------+--------+--------+--------+--------+-----+--------+
         Total |   9584 |   9354 |    230 |   1273 |   5992 |  12 |  798.7 |
       Dungeon |   8788 |   8558 |    230 |    950 |   5780 |  10 |  878.8 |
        Temple |    109 |    109 |      0 |      0 |     58 |   1 |  109.0 |
        Bailey |    685 |    685 |      0 |    323 |    154 |   1 |  685.0 |
               +--------+--------+--------+--------+--------+-----+--------+

Top non-repeatable levels by time:
     D:7: 1477 daAuts
     D:6: 1336 daAuts
     D:8: 1204 daAuts
     D:3: 982 daAuts
     D:1: 881 daAuts
     D:5: 832 daAuts
     D:4: 694 daAuts
  Bailey: 685 daAuts
     D:2: 641 daAuts
    D:10: 373 daAuts
     D:9: 363 daAuts
  Temple: 109 daAuts
